 Dungeon Crawl Stone Soup version 0.30-a0-40-gc6d0f036a7 (webtiles) character file.

Game seed: 16258505921475436057

1515 Newt the Cudgeller (level 8, 0/58 HPs)
             Began as a Demonspawn Gladiator on Aug 29, 2022.
             Was an Initiate of Gozag.
             Succumbed to SirDiesAlot's ghost's toxic radiance
             ... on level 6 of the Dungeon.
             The game lasted 00:11:10 (7310 turns).

Newt the Cudgeller (Demonspawn Gladiator)           Turns: 7310, Time: 00:11:10

Health: 0/58       AC: 13    Str: 17    XL:     8   Next: 53%
Magic:  8/8        EV:  8    Int: 10    God:    Gozag
Gold:   429        SH:  0    Dex: 14    Spells: 7/7 levels left

rFire   + . .      SeeInvis .    f - +2 mace (vorpal)
rCold   + . .      Faith    .    (no shield)
rNeg    . . .      Spirit   .    t - +0 chain mail
rPois   +          Reflect  .    c - +0 helmet
rElec   +          Harm     .    o - +0 cloak
rCorr   +          Rampage  .    (no gloves)
Will    .....                    (no boots)
Stlth   ..........               i - amulet of regeneration
HPRegen 0.99/turn                (no ring)
MPRegen 0.22/turn                (no ring)

@: brilliant, lethally poisoned (0 -> 0), resistant, flying
A: claws 2, yellow scales 1, ignite blood 1, magic regeneration
a: Renounce Religion, Potion Petition, Call Merchant, Bribe Branch


You were on level 6 of the Dungeon.
You worshipped Gozag.
Gozag was aware of your devotion.
You visited 1 branch of the dungeon, and saw 6 of its levels.
You also visited: Sewer.

You collected 531 gold pieces.
You paid 102 gold pieces to Gozag.

Inventory:

Hand Weapons
 a - a +0 rapier
 f - a +2 vorpal mace (weapon)
 r - a +1 whip of electrocution
Armour
 b - a +1 leather armour
 c - a +0 helmet (worn)
 o - a +0 cloak (worn)
 t - a +0 chain mail (worn)
Jewellery
 e - an amulet of the acrobat
 i - an amulet of regeneration (around neck)
Wands
 k - a wand of acid (7)
Scrolls
 g - 2 scrolls of teleportation
 h - a scroll of enchant armour
 n - a scroll of fog
Potions
 l - 2 potions of flight
 q - a potion of magic


   Skills:
 + Level 3.0 Fighting
 - Level 2.6 Short Blades
 - Level 6.0 Maces & Flails
 - Level 1.7 Throwing
 - Level 4.0 Armour
 - Level 4.0 Dodging
 - Level 2.0 Stealth
 - Level 5.0 Evocations


You had 7 spell levels left.
You didn't know any spells.
Your spell library contained the following spells:

 Spells                   Type           Power      Damage    Failure   Level
 Static Discharge         Conj/Air       0%         3-3/arc   100%        2
 Dazzling Flash           Conj/Hex       0%         N/A       100%        3
 Iskenderun's Mystic Bla  Conj/Tloc      0%         2d3       100%        4
 Lightning Bolt           Conj/Air       0%         1d11      100%        5
 Starburst                Conj/Fire      0%         6d3       100%        6
 Maxwell's Capacitive Co  Air            0%         ∞         100%        8


Dungeon Overview and Level Annotations

Branches:
Dungeon (6/15)             Temple (0/1) D:5           Sewer (visited)

Altars:
Cheibriados
Gozag
Nemelex Xobeh

Shops:
D:4 (

Annotations:
D:6 SirDiesAlot's ghost, amateur DEVM


Innate Abilities, Weirdness & Mutations

You have very sharp fingernails.
You are partially covered in yellow scales. (AC +2)
Your demonic aura sometimes causes spilled blood to erupt in flames.
You regenerate magic rapidly.


Message History

You feel strangely stable.
You feel magically purged.
SirDiesAlot's ghost casts a spell.
SirDiesAlot's ghost begins to radiate toxic energy.
* * * LOW HITPOINT WARNING * * *
You are poisoned.
As you read the scroll of teleportation, it crumbles to dust.
You feel strangely unstable.
You feel sick.
* * * LOW HITPOINT WARNING * * *
You are lethally poisoned!
You feel protected.
* * * LOW HITPOINT WARNING * * *
You feel sick.
Unknown command.
Okay, then.
This is a scroll of acquirement!
Something appears at your feet!
Your surroundings suddenly seem different.
Found 18 gold pieces.
* * * LOW HITPOINT WARNING * * *
You feel sick.
Okay, then.
Okay, then.
There is a lethal amount of poison in your body!
Okay, then.
Okay, then.
Your magic is already full.
You feel very buoyant.
You fly up into the air.
* * * LOW HITPOINT WARNING * * *
You feel sick.
You feel clever all of a sudden.
* * * LOW HITPOINT WARNING * * *
You feel sick.
You feel more buoyant.
* * * LOW HITPOINT WARNING * * *
You feel sick.
Okay, then.
You die...
Your body crumbles into a pile of gold.

########
#.....@#
#......#
#$.....+
###...##
#...
#...
#...
#...


There were no monsters in sight!

Vanquished Creatures
  A two-headed ogre (D:5)
  A water moccasin (D:5)
  2 black bears
  A sky beast (D:5)
  A necrophage (D:3)
  A scorpion (D:5)
  A hound (D:3)
  2 orc priests (D:5)
  3 iguanas
  An orc wizard (D:4)
  A merfolk siren (Sewer)
  A merfolk avatar (Sewer)
  8 adders
  4 river rats
  2 worms
  4 dart slugs
  7 orcs
  8 ball pythons
  6 endoplasms
  5 giant cockroaches
  4 goblins
  7 hobgoblins
  4 jackals (D:2)
  6 quokkas
  6 bats
  4 frilled lizards
  2 kobolds
  27 rats
120 creatures vanquished.

Vanquished Creatures (others)
  4 fungi (D:3)
  A plant (D:3)
5 creatures vanquished.

Grand Total: 125 creatures vanquished

Notes
Turn   | Place    | Note
-------+----------+-------------------------------------------
     0 | D:1      | Newt the Demonspawn Gladiator began the quest for the Orb.
     0 | D:1      | Reached XP level 1. HP: 16/16 MP: 1/1
   115 | D:1      | You fall into a shaft and drop 1 floor!
   148 | D:2      | Reached skill level 1 in Stealth
   233 | D:2      | Gained mutation: You have sharp fingernails. [demonic
                  | ancestry]
   233 | D:2      | Reached XP level 2. HP: 16/22 MP: 2/2
   919 | D:1      | Gained mutation: Your demonic aura sometimes causes spilled
                  | blood to erupt in flames. [demonic ancestry]
   919 | D:1      | Reached XP level 3. HP: 27/28 MP: 3/3
  1730 | D:2      | Reached skill level 1 in Maces & Flails
  2115 | D:3      | Found a faded altar of an unknown god.
  2194 | D:3      | Reached XP level 4. HP: 35/35 MP: 4/4
  2212 | D:3      | Reached skill level 2 in Maces & Flails
  2380 | D:3      | Found a glowing drain.
  2398 | Sewer    | Entered a sewer
  2690 | Sewer    | Reached skill level 3 in Maces & Flails
  2797 | Sewer    | Gained mutation: You are partially covered in yellow
                  | scales. (AC +2) [demonic ancestry]
  2797 | Sewer    | Reached XP level 5. HP: 26/41 MP: 5/5
  3523 | Sewer    | Reached skill level 4 in Maces & Flails
  4085 | D:3      | Gained mutation: You regenerate magic rapidly. [demonic
                  | ancestry]
  4085 | D:3      | Reached XP level 6. HP: 42/47 MP: 6/6
  4393 | D:3      | Found a snail-covered altar of Cheibriados.
  4795 | D:4      | Reached skill level 5 in Maces & Flails
  4869 | D:4      | Found an opulent altar of Gozag.
  4919 | D:4      | Found Beinan's Antique Weapon Emporium.
  4951 | D:4      | Became a worshipper of Gozag Ym Sagoz the Greedy
  5736 | D:5      | Entered Level 5 of the Dungeon
  5743 | D:5      | Noticed a sky beast
  5753 | D:5      | Killed a sky beast
  5754 | D:5      | Reached skill level 6 in Maces & Flails
  5754 | D:5      | Reached skill level 1 in Armour
  5754 | D:5      | Gained mutation: You have very sharp fingernails. [demonic
                  | ancestry]
  5754 | D:5      | Reached XP level 7. HP: 26/52 MP: 7/7
  5975 | D:5      | Found a staircase to the Ecumenical Temple.
  6340 | D:5      | Noticed a two-headed ogre
  6456 | D:5      | HP: 2/52 [two-headed ogre/+0 giant club (27)]
  6470 | D:5      | Killed a two-headed ogre
  6471 | D:5      | Reached skill level 5 in Evocations
  6471 | D:5      | Reached XP level 8. HP: 5/58 MP: 8/8
  6978 | D:5      | Found a sparkling altar of Nemelex Xobeh.
  7271 | D:5      | Found a runed translucent gate.
  7271 | D:5      | Noticed SirDiesAlot's ghost (amateur DEVM)
  7272 | D:5      | Found a runed translucent gate.
  7272 | D:5      | Found a runed translucent gate.
  7304 | D:6      | HP: 2/58 [SirDiesAlot's ghost/Olgreb's Toxic Radiance (2)]
  7306 | D:6      | Identified a scroll of acquirement
  7306 | D:6      | Acquired the +10 flail of the Seven Portals {vorpal, rCorr
                  | MP-9 Str+2 Stlth+}
  7309 | D:6      | HP: 1/58 [poisoned by SirDiesAlot's ghost (toxic radiance)]
  7310 | D:6      | Succumbed to SirDiesAlot's ghost's toxic radiance

Illustrated notes

Levels and vault maps discovered:
D:1:      wander_arrival_fairy_ring, layout_loops_ring
D:2:      layout_basic
D:3:      layout_basic, mainiacjoe_overflow_boulevard,
          ebering_ecumenical_altar_rust, gup_sewer_entry_bubbles, serial_forest,
          infiniplex_forest_end_3, infiniplex_forest_lined_room_2,
          infiniplex_forest_lined_corner, infiniplex_forest_straight_3,
          infiniplex_forest_corner_1
D:4:      layout_basic, grunt_gozag_breadcrumbs, serial_shops,
          nicolae_shop_behind_doors
D:5:      wad_lake_hut, layout_loops_ring, mainiacjoe_overflow_tiny_flanked,
          zin_statuary, minmay_temple_entry_water_ring,
          gammafunk_ghost_nasty_kobolds, lightli_corner_chamber
D:6:      layout_gridville

Skill      XL: |  1  2  3  4  5  6  7  8 |
---------------+-------------------------+-----
Stealth        | 1 2 |  2.0
Fighting       | 3 |  3.0
Maces & Flails | 1 3 4 6 |  6.0
Armour         | 1 4 |  4.0
Evocations     | 5 |  5.0
Dodging        | 3 4 |  4.0
Short Blades   | |  2.6
Throwing       | |  1.7

Action                   |  1- 3 |  4- 6 |  7- 9 || total
-------------------------+-------+-------+-------++-------
Melee: Rapier            |    74 |       |       ||    74
       Punch             |     1 |       |       ||     1
       Mace              |    47 |   238 |    62 ||   347
Throw: Throwing net      |     1 |     1 |     3 ||     5
       Javelin           |       |     1 |       ||     1
Evoke: Wand              |       |       |     1 ||     1
  Use: Scroll            |     5 |     4 |     9 ||    18
       Potion            |       |       |     6 ||     6
 Stab: Sleeping          |     6 |     2 |     3 ||    11
       Held in net/web   |       |     1 |     1 ||     2
Armor: Leather armour    |    42 |    89 |    14 ||   145
       Chain mail        |       |       |    11 ||    11
Dodge: Dodged            |    80 |   189 |    28 ||   297

Table legend: (Time is in decaauts)
 A = Elapsed time spent in this place.
 B = Non-inter-level travel time spent in this place.
 C = Inter-level travel time spent in this place.
 D = Time resting spent in this place.
 E = Time spent auto-exploring this place.
 F = Levels seen in this place.
 G = Mean time per level.
                   A        B        C        D        E       F      G
               +--------+--------+--------+--------+--------+-----+--------+
         Total |   7531 |   7398 |    133 |   1942 |   4189 |   7 | 1075.9 |
       Dungeon |   5906 |   5773 |    133 |   1199 |   3635 |   6 |  984.3 |
         Sewer |   1625 |   1625 |      0 |    743 |    553 |   1 | 1625.0 |
               +--------+--------+--------+--------+--------+-----+--------+

Top non-repeatable levels by time:
   Sewer: 1625 daAuts
     D:5: 1621 daAuts
     D:1: 1405 daAuts
     D:4: 1107 daAuts
     D:3: 1059 daAuts
     D:2: 698 daAuts
     D:6: 13 daAuts
